 Dungeon Crawl Stone Soup version 0.26.1-2-gb8aa6d0cf2 (webtiles) character file.

Game seed: 3358001255024279681

15842 RaHiT the Covert (level 12, -21/79 HPs)
             Began as an Octopode Delver on Feb 10, 2021.
             Was the Champion of Cheibriados.
             Demolished by a death yak (28 damage)
             ... on level 3 of the Lair of Beasts on Feb 11, 2021.
             The game lasted 02:04:51 (14666 turns).

RaHiT the Covert (Octopode Delver)                 Turns: 14666, Time: 02:04:55

Health: -21/79     AC:  1    Str: 28    XL:     12   Next: 31%
Magic:  15/30      EV: 20    Int: 31    God:    Cheibriados [******]
Gold:   1070       SH:  0    Dex: 34    Spells: 8/23 levels left

rFire    . . .     SeeInvis +   m - +3 dagger (venom)
rCold    . . .     Faith    .   (no shield)
rNeg     . . .     Spirit   .   (helmet restricted)
rPois    +         Reflect  .   y - amulet of magic regeneration
rElec    .         Harm     .   g - +6 ring of dexterity
rCorr    .         Rampage  .   v - ring of magical power
Will     .....                  E - ring of see invisible
Stlth    +++++++...             i - ring of poison resistance
HPRegen  0.23/turn              (no ring)
MPRegen  0.47/turn              (no ring)
                                (no ring)
                                (no ring)

@: very slow
A: almost no armour, stealthy swim, amphibious, 8 rings, constrict 8, camouflage
1, gelatinous body 1
a: Renounce Religion, Bend Time, Temporal Distortion, Slouch, Step From Time


You were on level 3 of the Lair of Beasts.
You worshipped Cheibriados.
Cheibriados was exalted by your worship.
You visited 2 branches of the dungeon, and saw 14 of its levels.

You collected 1177 gold pieces.
You spent 107 gold pieces at shops.

Inventory:

Hand Weapons
 m - a +3 dagger of venom (weapon)
 L - a +0 eveningstar of freezing
Missiles
 f - 8 javelins
 j - 316 stones
 p - 411 arrows
 q - 109 bolts
 s - 75 poisoned darts (quivered)
 A - 16 boomerangs
 J - 6 silver javelins
 M - 7 atropa-tipped darts
 P - 2 throwing nets
Jewellery
 g - a +6 ring of dexterity (left tentacle)
 i - a ring of poison resistance (on tentacle)
 v - a ring of magical power (right tentacle)
 y - an amulet of magic regeneration (around mantle)
 E - a ring of see invisible (on tentacle)
Wands
 e - a wand of digging (8)
 B - a wand of flame (29)
 D - a wand of acid (6)
 G - a wand of disintegration (26)
 N - a wand of polymorph (5)
 O - a wand of paralysis (22)
Scrolls
 a - 5 scrolls of fog
 b - 7 scrolls of teleportation
 c - 7 scrolls of fear
 h - 2 scrolls of blinking
 k - 6 scrolls of magic mapping
 o - 5 scrolls of identify
 r - 7 scrolls of remove curse
 w - 4 scrolls of amnesia
 x - a scroll of noise
 z - 2 scrolls of enchant weapon
 C - 6 scrolls of enchant armour
Potions
 d - 5 potions of curing
 l - a potion of brilliance
 n - 3 potions of heal wounds
 t - 2 potions of resistance
 u - 2 potions of flight
 H - a potion of lignification
 I - 2 potions of invisibility
 K - a potion of magic
Miscellaneous
 F - a tin of tremorstones (2/2)


   Skills:
 - Level 6.0 Fighting
 - Level 3.0 Throwing
 - Level 6.0 Dodging
 - Level 10.0 Stealth
 - Level 6.0 Unarmed Combat
 - Level 6.0 Spellcasting
 - Level 5.0 Summonings
 + Level 6.1 Transmutations
 - Level 5.0 Air Magic
 + Level 6.1 Earth Magic
 - Level 9.0 Invocations
 - Level 5.0 Evocations


You had 8 spell levels left.
You knew the following spells:

 Your Spells              Type           Power        Failure   Level
a - Summon Lightning Spi  Summ/Air       40%          6%          4
b - Blink                 Tloc           N/A          8%          2
c - Mephitic Cloud        Conj/Pois/Air  19%          8%          3
d - Statue Form           Tmut/Erth      31%          52%         6

Your spell library contained the following spells:

 Spells                   Type           Power        Failure   Level
 Summon Small Mammal      Summ           100%         1%          1
 Call Imp                 Summ           40%          1%          2
 Call Canine Familiar     Summ           40%          1%          3
 Freeze                   Ice            36%          4%          1
 Magic Dart               Conj           36%          4%          1
 Summon Guardian Golem    Hex/Summ       24%          5%          3
 Slow                     Hex            9%           8%          2
 Conjure Flame            Conj/Fire      9%           14%         3
 Frozen Ramparts          Ice            18%          14%         3
 Ozocubu's Armour         Ice            9%           14%         3
 Summon Ice Beast         Ice/Summ       24%          17%         4
 Irradiate                Conj/Tmut      14%          36%         5
 Hailstorm                Conj/Ice       9%           43%         4
 Hydra Form               Tmut           23%          52%         6
 Dragon Form              Tmut           23%          98%         7


Dungeon Overview and Level Annotations

Branches:
Dungeon (11/15)            Temple (0/1) D:7            Lair (3/6) D:8
  Swamp (0/4) Lair:2          Orc (0/2) D:10
  Snake: Lair:2-4    Spider: Lair:2-4

Altars:
Ashenzari
Cheibriados
Elyvilon
Hepliaklqana
Kikubaaqudgha
Nemelex Xobeh
Wu Jian
Yredelemnul
Zin

Shops:
D:4 *   D:10 =

Annotations:
D:10 1 runed translucent door, exclusion: orange crystal statue
Lair:1 2 runed translucent doors, JozkaLipnik's ghost, novice GnHu


Innate Abilities, Weirdness & Mutations

You cannot wear most types of armour.
You are very stealthy in the water. (Stealth+)
You are amphibious.
You can wear up to eight rings at the same time.
You can use your tentacles to constrict eight enemies at once.
Your skin changes colour to match your surroundings (Stealth+).
Your rubbery body absorbs attacks. (AC +1, EV +1)


Message History

The stinking cloud engulfs the death yak but does no damage.
The death yak is engulfed in noxious fumes.
The death yak gores you!!
Unknown command.
Okay, then.
The death yak is engulfed in noxious fumes.
The death yak appears confused.
The death yak is engulfed in noxious fumes.
The death yak appears confused.
Casting: Mephitic Cloud (dangerous; 8% risk of failure)
Confirm with . or Enter, or press ? or * to list all spells.
An electric hum fills the air.
Casting: Summon Lightning Spire (dangerous; 6% risk of failure)
Confirm with . or Enter, or press ? or * to list all spells.
You blink.
The death yak gores you!!
* * * LOW HITPOINT WARNING * * *
The death yak misses you.
The death yak is engulfed in noxious fumes.
The death yak gores you!!
You die...

#P..##...#.#...##....#.....#
#....##.#...#.##..##.#......
##...##.#.##.....#. #.##....
##......##..#.....# ##.##..#
#.......# #...#.... #....
##..####8##..#.... ......
#..# #.#§.##..# . #......
#.†###.##Y#.## #.P...# #†..#
#.##@####.# ...#..#
#..####..YYY...#. Y..##...#
#........B............... .
###8..##.....#../.##...
#.......#.........##..#
##P...............#...#
..#.# ##...................#
..... #............≈.....#
.....
##....#............###.....


You could see 4 death yaks, a worker ant and a friendly lightning spire
(summoned).

Vanquished Creatures
  A two-headed ogre (D:9)
  A queen ant (Lair:3)
  2 deep elf magi (D:11)
  A cyclops (D:11)
  An elephant (Lair:2)
  A cane toad (Lair:2)
  A gargoyle (D:10)
  2 rime drakes (Lair:2)
  2 komodo dragons
  A hornet (D:11)
  A blink frog (Lair:2)
  A wyvern (Lair:1)
  13 yaks
  A wraith (D:11)
  A basilisk (Lair:1)
  A fire elemental (D:11)
  A swamp worm (Lair:2)
  3 soldier ants (Lair:3)
  3 water moccasins
  3 orc warriors
  2 sky beasts
  2 ice beasts
  A phantom (D:5)
  A necrophage (D:7)
  2 ogres
  8 centaurs
  3 big kobolds
  9 bullfrogs
  6 scorpions
  5 killer bees
  3 wights (D:7)
  6 electric eels (D:6)
  A howler monkey (D:9)
  3 centaur zombies
  A jelly (D:10)
  A human zombie (D:2)
  Crazy Yiuf (D:2)
  5 hounds
  8 orc priests
  5 bullfrog skeletons
  8 orc wizards
  A centaur skeleton (D:7)
  4 iguanas
  Ijyb (D:5)
  13 worker ants
  A killer bee zombie (D:7)
  A hound zombie (D:6)
  4 gnolls (D:7)
  A howler monkey skeleton (D:10)
  12 adders
  8 white imps
  2 ufetubi
  An ooze (D:5)
  7 adder zombies
  An adder skeleton (D:2)
  4 worms
  5 leopard geckos
  39 orcs
  6 bats
  A bat skeleton (D:2)
  4 giant cockroaches
  8 goblins
  3 hobgoblins
  20 jackals
  3 quokkas
  A ball python (D:5)
  A ball python skeleton (D:2)
  9 frilled lizards
  A giant cockroach zombie (D:5)
  23 kobolds
  9 rats
316 creatures vanquished.

Vanquished Creatures (collateral kills)
  A hydra (D:10)
  A death yak (Lair:3)
  2 elephants (Lair:2)
  A cane toad (Lair:2)
  The ghost of TheCrawlingOne the Skirmisher, an amateur OgBe of Trog (D:4)
  A komodo dragon (Lair:1)
  2 tyrant leeches (Lair:2)
  2 blink frogs (Lair:2)
  A wraith (D:11)
  9 yaks
  A soldier ant (Lair:3)
  A swamp worm (Lair:2)
  An ice beast (D:11)
  A centaur (D:11)
  3 killer bees
  A jelly (D:11)
  An orc priest (D:10)
  An orc wizard (D:10)
  4 worker ants (Lair:3)
  10 orcs (D:10)
45 creatures vanquished.

Vanquished Creatures (others)
  A human (D:2)
  8 fungi
  24 plants
33 creatures vanquished.

Grand Total: 394 creatures vanquished

Notes
Turn   | Place    | Note
-------+----------+-------------------------------------------
     0 | D:5      | RaHiT the Octopode Delver began the quest for the Orb.
     0 | D:5      | Reached XP level 1. HP: 16/16 MP: 1/1
    21 | D:5      | Noticed a scorpion
    22 | D:5      | Noticed a sky beast
    66 | D:5      | Noticed a phantom
    98 | D:5      | Noticed a centaur
   120 | D:5      | Reached skill level 7 in Stealth
   120 | D:5      | Reached skill level 1 in Spellcasting
   120 | D:5      | Reached skill level 1 in Evocations
   120 | D:5      | Reached XP level 2. HP: 7/21 MP: 1/3
   120 | D:5      | Reached XP level 3. HP: 9/26 MP: 1/4
   235 | D:4      | Found a runed translucent gate.
   235 | D:4      | Found a runed translucent gate.
   235 | D:4      | Found a runed translucent gate.
   235 | D:4      | Noticed TheCrawlingOne's ghost (amateur OgBe)
   235 | D:4      | Noticed a scorpion
  1050 | D:2      | Reached XP level 4. HP: 27/31 MP: 5/5
  1152 | D:2      | Found a runed translucent door.
  1153 | D:2      | Noticed Crazy Yiuf
  1310 | D:2      | Found an ancient bone altar of Kikubaaqudgha.
  1310 | D:2      | Noticed a human
  1313 | D:2      | Killed a human
  1670 | D:3      | Reached XP level 5. HP: 36/36 MP: 6/6
  2661 | D:4      | Found an ornate altar of the Wu Jian Council.
  2864 | D:4      | Reached XP level 6. HP: 42/43 MP: 7/7
  3250 | D:4      | Reached skill level 1 in Throwing
  3262 | D:4      | Found Doijeux's Assorted Antiques.
  3348 | D:4      | Bought a scroll labelled MIOBBAE SEDE for 21 gold pieces
  3348 | D:4      | Bought a scroll labelled SATSOU ZIHAAM for 21 gold pieces
  3348 | D:4      | Bought a scroll labelled OMERAMM MOARGH for 21 gold pieces
  3348 | D:4      | Bought a sedimented golden potion for 18 gold pieces
  3375 | D:4      | Found a glowing silver altar of Zin.
  3377 | D:4      | Found a hazy altar of Hepliaklqana.
  3379 | D:4      | Found a snail-covered altar of Cheibriados.
  3391 | D:4      | Became a worshipper of Cheibriados the Contemplative
  3525 | D:4      | Reached XP level 7. HP: 30/48 MP: 8/8
  4377 | D:5      | Reached * piety under Cheibriados
  4637 | D:5      | Reached skill level 5 in Fighting
  4643 | D:5      | Reached XP level 8. HP: 23/55 MP: 9/9
  4668 | D:5      | Found a broken altar of Ashenzari.
  4733 | D:5      | Noticed Ijyb
  4966 | D:5      | Reached skill level 5 in Dodging
  4975 | D:5      | Killed Ijyb
  5285 | D:6      | Reached skill level 5 in Unarmed Combat
  5412 | D:6      | Reached skill level 8 in Stealth
  5577 | D:6      | Reached ** piety under Cheibriados
  5578 | D:6      | Reached skill level 9 in Stealth
  5666 | D:6      | Reached skill level 5 in Evocations
  5764 | D:6      | Found a basalt altar of Yredelemnul.
  5820 | D:6      | Found a white marble altar of Elyvilon.
  5963 | D:6      | Reached skill level 10 in Stealth
  5963 | D:6      | Reached XP level 9. HP: 54/61 MP: 10/10
  6260 | D:2      | Killed Crazy Yiuf
  6478 | D:7      | Learned a level 4 spell: Summon Lightning Spire
  6502 | D:7      | Found a staircase to the Ecumenical Temple.
  6554 | D:7      | Reached *** piety under Cheibriados
  7061 | D:8      | Reached **** piety under Cheibriados
  7084 | D:8      | Learned a level 2 spell: Blink
  7130 | D:8      | Found a staircase to the Lair.
  7184 | D:8      | Reached skill level 1 in Summonings
  7225 | D:8      | Reached skill level 1 in Air Magic
  7530 | D:8      | Learned a level 3 spell: Mephitic Cloud
  7901 | D:9      | Reached XP level 10. HP: 68/68 MP: 14/14
  7968 | D:9      | Noticed a two-headed ogre
  7984 | D:9      | Killed a two-headed ogre
  8383 | D:9      | Reached ***** piety under Cheibriados
  8597 | D:4      | Killed TheCrawlingOne's ghost
  8754 | D:10     | Entered Level 10 of the Dungeon
  8818 | D:10     | Noticed an eight-headed hydra
  9368 | D:10     | Noticed a gargoyle
  9371 | D:10     | Killed a gargoyle
  9372 | D:10     | Reached skill level 5 in Summonings
  9372 | D:10     | Reached skill level 5 in Air Magic
  9372 | D:10     | Reached skill level 1 in Invocations
 10179 | D:10     | HP: 3/68 [orc priest/divine providence (8)]
 10508 | D:10     | Found a runed translucent door.
 10559 | D:10     | Found a runed translucent door.
 10578 | D:10     | Found a runed translucent door.
 10588 | D:10     | Reached skill level 5 in Invocations
 10597 | D:10     | Found Koekhinli's Jewellery Shoppe.
 10608 | D:10     | Bought a cursed amulet of inaccuracy for 26 gold pieces
 10757 | D:10     | Found a runed translucent door.
 10778 | D:10     | Noticed an orange crystal statue
 10828 | D:10     | Found a staircase to the Orcish Mines.
 10886 | D:10     | Killed an eight-headed hydra
 10887 | D:10     | Reached XP level 11. HP: 72/72 MP: 17/17
 11136 | D:11     | Noticed a cyclops
 11147 | D:11     | Killed a cyclops
 11346 | D:11     | Reached ****** piety under Cheibriados
 11472 | D:11     | Learned a level 6 spell: Statue Form
 11638 | D:11     | Reached skill level 1 in Transmutations
 11638 | D:11     | Reached skill level 1 in Earth Magic
 11750 | D:11     | Noticed a wizard
 11771 | D:11     | Noticed a deep elf mage
 11783 | D:11     | Killed a deep elf mage
 11817 | D:11     | Noticed a deep elf mage
 11824 | D:11     | Killed a deep elf mage
 12054 | Lair:1   | Entered Level 1 of the Lair of Beasts
 12249 | Lair:1   | Found a large runed translucent door.
 12249 | Lair:1   | Found a large runed translucent door.
 12442 | Lair:1   | Noticed JozkaLipnik's ghost (novice GnHu)
 12842 | Lair:2   | Reached skill level 5 in Transmutations
 12842 | Lair:2   | Reached skill level 5 in Earth Magic
 12856 | Lair:2   | Reached skill level 5 in Spellcasting
 12860 | Lair:2   | Reached XP level 12. HP: 44/79 MP: 11/19
 12946 | Lair:2   | Found a staircase to the Swamp.
 13776 | Lair:2   | Found a sparkling altar of Nemelex Xobeh.
 14096 | Lair:3   | Noticed a death yak
 14096 | Lair:3   | Noticed a death yak
 14497 | Lair:3   | Noticed a queen ant
 14498 | Lair:3   | Noticed a death yak
 14514 | Lair:3   | Killed a queen ant
 14643 | Lair:3   | Noticed a death yak
 14654 | Lair:3   | Killed a death yak
 14655 | Lair:3   | Noticed a death yak
 14666 | Lair:3   | Demolished by a death yak

Illustrated notes

Levels and vault maps discovered:
D:1:      amcnicky_arrival_double_pillar, layout_loops_ring
D:2:      layout_basic, serial_undead, serial_undead_c, serial_undead_f,
          serial_undead_c, serial_undead_a, tgw_kikubaaqudgha,
          uniq_crazy_yiuf_cottage
D:3:      layout_loops_ring
D:4:      layout_loops_ring, gammafunk_temple_overflow_forgotten,
          nzn_wu_jian_council_hall, serial_shops, shop, serial_co_window_serial,
          co_window_paths_a, co_window_corner_a, co_window_of_opportunity_a,
          co_window_paths_a, co_window_paths_a, co_window_2corner,
          co_window_corner_b, co_window_corner_cb, co_window_unsneaky_path_e,
          co_window_corner_b, co_window_broadway_c, co_window_paths_d,
          co_window_4corner_b, glass_columns_c, glass_columns_a,
          ebering_ghost_rock_garden
D:5:      cheibrodos_barr_body, layout_cave_pools, minmay_misc_feat_square,
          chequers_decorated_corner, cheibrodos_ashenzari_chains, uniq_ijyb
D:6:      cheibrodos_two_vegetables, layout_basic, kennysheep_ying_yang,
          kennysheep_generic_room_14
D:7:      layout_loops_ring, minmay_temple_entry_slanted
D:8:      layout_layer_cave, lair_entry_dummy
D:9:      layout_loops_ring
D:10:     layout_rooms, hiddenorc2_lemuel, serial_shops, shop,
          minmay_statue_crystal_thing
D:11:     cheibrodos_lost_city_excavation, layout_irregular_city
Lair:1:   layout_roguey, ebering_ghost_disaster_area
Lair:2:   layout_cave_pods, minmay_swamp_entry_worms, basic_altar,
          amcnicky_mini_pool_medium
Lair:3:   layout_gridlike, minmay_another_anthill, infiniplex_staircase_pool_2,
          grunt_megastairs_2

Skill      XL: |  1  2  3  4  5  6  7  8  9 10 11 12 |
---------------+-------------------------------------+-----
Stealth        | 7 10 | 10.0
Spellcasting   | 1 3 4 5 6 |  6.0
Evocations     | 1 4 5 |  5.0
Dodging        | 3 4 5 6 |  6.0
Fighting       | 4 5 6 |  6.0
Unarmed Combat | 3 4 5 6 |  6.0
Throwing       | 3 |  3.0
Summonings     | 3 5 |  5.0
Air Magic      | 3 5 |  5.0
Invocations    | 6 9 |  9.0
Transmutations | 5 6 |  6.1
Earth Magic    | 5 6 |  6.1

Action                   |  1- 3 |  4- 6 |  7- 9 | 10-12 || total
-------------------------+-------+-------+-------+-------++-------
Melee: Unarmed           |    45 |    36 |   100 |    43 ||   224
       Constrict         |    11 |    31 |    54 |    56 ||   152
       Tentacles         |     7 |    19 |    76 |    97 ||   199
       Punch             |     1 |     2 |    13 |    26 ||    42
       Dagger            |       |    61 |   160 |   194 ||   415
Throw: Stone             |       |    15 |    39 |     3 ||    57
       Dart              |       |    10 |    22 |    73 ||   105
       Javelin           |       |       |       |    14 ||    14
       Boomerang         |       |       |       |     3 ||     3
       Throwing net      |       |       |       |     1 ||     1
 Cast: Summon Lightning  |       |       |     1 |    52 ||    53
       Mephitic Cloud    |       |       |       |    31 ||    31
       Blink             |       |       |       |    14 ||    14
Invok: Temporal Distorti |       |       |       |     1 ||     1
Evoke: Wand              |       |       |     9 |     5 ||    14
  Use: Scroll            |     1 |     6 |     5 |    12 ||    24
       Potion            |     1 |       |       |     3 ||     4
 Stab: Sleeping          |    10 |    23 |    29 |    20 ||    82
       Distracted        |       |       |     2 |    10 ||    12
       Confused          |       |       |       |    10 ||    10
Armor: Skin              |       |     5 |    18 |     5 ||    28
Dodge: Dodged            |    24 |    49 |   176 |   212 ||   461
